 Dungeon Crawl Stone Soup version 0.29-a0-383-g8b6f518c11 (webtiles) character file.

Game seed: 10055879051916938942

1487 EnegeticOcto the Conjurer (level 8, -3/54 HPs)
             Began as a Mummy Conjurer on May 6, 2022.
             Was an Initiate of Vehumet.
             Killed by an exploding orc (33 damage)
             ... ignited by their inner flame
             ... on level 7 of the Dungeon.
             The game lasted 00:17:58 (8016 turns).

EnegeticOcto the Conjurer (Mummy Conjurer)          Turns: 8016, Time: 00:17:59

Health: -3/54      AC:  3    Str: 16    XL:     8   Next: 50%
Magic:  5/13       EV: 12    Int: 20    God:    Vehumet [......]
Gold:   445        SH:  0    Dex: 10    Spells: 8/14 levels left

rFire   x x .      SeeInvis .   i - +2 dagger (speed)
rCold   + + .      Faith    .   (no shield)
rNeg    + + +      Spirit   .   a - +0 robe
rPois   ∞          Reflect  .   (no helmet)
rElec   .          Harm     .   j - +0 cloak
rCorr   .          Rampage  .   (no gloves)
Will    +....                   (no boots)
Stlth   ++........              k - amulet of the acrobat
HPRegen 0.18/turn               f - +6 ring of strength
MPRegen 0.13/turn               m - ring of ice

@: no status effects
A: cold resistance 1, negative energy resistance 3, torment resistance 2, heat
vulnerability 1, in touch with death 1, no potions
a: Renounce Religion


You were on level 7 of the Dungeon.
You worshipped Vehumet.
Vehumet was noncommittal.
You visited 2 branches of the dungeon, and saw 8 of its levels.

You collected 445 gold pieces.

Inventory:

Hand Weapons
 b - a +0 long sword
   (You found it on level 1 of the Dungeon)
 g - a +0 dire flail
   (You found it on level 6 of the Dungeon)
 i - a +2 dagger of speed (weapon)
   (You took it off a kobold on level 3 of the Dungeon)
 r - a +3 flail of protection
   (You took it off a gnoll on level 6 of the Dungeon)
Missiles
 c - 187 stones
 l - 5 datura-tipped darts
 t - a throwing net {!f}
Armour
 a - a +0 robe (worn)
 j - a +0 cloak (worn)
   (You found it on level 3 of the Dungeon)
Jewellery
 f - a +6 ring of strength (left hand)
   (You found it on level 2 of the Dungeon)
 k - an amulet of the acrobat (around neck)
   (You found it on level 3 of the Dungeon)
 m - a ring of ice (right hand)
   (You found it on level 4 of the Dungeon)
Wands
 s - a wand of paralysis (20)
   (You found it on level 6 of the Dungeon)
Scrolls
 d - 4 scrolls of vulnerability
 e - 3 scrolls of teleportation {@r3 !r}
 n - a scroll of fear {!r}
 p - a scroll of blinking {@r4}
 q - a scroll of noise


   Skills:
 + Level 1.1 Fighting
 + Level 0.8(1.3) Short Blades
 + Level 1.4(1.6) Long Blades
 + Level 1.2(1.8) Axes
 + Level 1.3(1.8) Maces & Flails
 + Level 1.2(1.7) Polearms
 + Level 1.1(1.7) Staves
 + Level 1.1(1.4) Slings
 + Level 1.5 Bows
 + Level 1.4 Crossbows
 + Level 1.2(1.5) Throwing
 + Level 0.9 Armour
 + Level 2.8 Dodging
 + Level 2.2 Stealth
 + Level 1.5 Shields
 + Level 1.0 Unarmed Combat
 + Level 3.8 Spellcasting
 + Level 3.9 Conjurations
 + Level 1.0 Hexes
 + Level 1.3 Summonings
 + Level 1.1 Necromancy
 + Level 1.2 Translocations
 + Level 1.2 Transmutations
 + Level 1.0 Fire Magic
 + Level 1.4 Ice Magic
 + Level 0.8 Air Magic
 + Level 0.7 Earth Magic
 + Level 0.8 Poison Magic
 + Level 1.2 Invocations
 + Level 1.2 Evocations


You had 8 spell levels left.
You knew the following spells:

 Your Spells              Type           Power      Damage    Failure   Level
a - Magic Dart            Conj           76%        1d6       2%          1
b - Searing Ray           Conj           38%        2d5       4%          2
c - Mephitic Cloud        Conj/Pois/Air  11%        N/A       19%         3

Your spell library contained the following spells:

 Spells                   Type           Power      Damage    Failure   Level
 Dazzling Flash           Conj/Hex       26%        N/A       14%         3
 Ignite Poison            Fire/Tmut/Pois 8%         N/A       26%         3
 Iskenderun's Mystic Bla  Conj/Tloc      14%        2d5       41%         4
 Fulminant Prism          Conj/Hex       6%         3d7       43%         4
 Freezing Cloud           Conj/Ice/Air   9%         6-21      83%         5


Dungeon Overview and Level Annotations

Branches:
Dungeon (7/15)             Temple (1/1) D:6

Altars:
Ashenzari
Cheibriados
Gozag
Hepliaklqana
Kikubaaqudgha
Makhleb
Nemelex Xobeh
Qazlal
Ru
Sif Muna
Vehumet
Wu Jian
Xom
Yredelemnul
Zin

Annotations:
D:6 exclusion: steam dragon
D:7 Duvessa


Innate Abilities, Weirdness & Mutations

You are immune to poison.
Your flesh is cold resistant. (rC+)
You are immune to negative energy. (rN+++)
You are immune to unholy pain and torment.
You are vulnerable to heat. (rF-)
You are in touch with the powers of death.
You do not drink.


Message History

You finish channelling your searing ray.
The vampire mosquito misses you. The orc barely misses you.
The vampire mosquito misses you.
Casting: Searing Ray (safe; 4% risk of failure)
Confirm with . or Enter, or press ? or * to list all spells.
Aiming: Searing Ray (safe; 4% risk of failure)
Press: ? - help, Shift-Dir - straight line, f - vampire mosquito
Aim: a vampire mosquito (lightly damaged, 63% to hit)
The searing ray misses the vampire mosquito.
The searing ray hits the vampire mosquito.
The vampire mosquito is moderately damaged.
The searing ray misses the orc. (Press . to maintain the ray.)
The vampire mosquito closely misses you.
The searing ray hits the vampire mosquito.
The vampire mosquito is moderately damaged.
The vampire mosquito completely misses you.
The vampire mosquito barely misses you. The vampire mosquito misses you.
The vampire mosquito completely misses you.
The searing ray hits the vampire mosquito.
The vampire mosquito is moderately damaged.
The vampire mosquito completely misses you.
The vampire mosquito misses you. The vampire mosquito barely misses you.
The vampire mosquito closely misses you.
The searing ray hits the vampire mosquito.
The vampire mosquito is moderately damaged.
You finish channelling your searing ray.
The vampire mosquito bites you! The vampire mosquito barely misses you.
The vampire mosquito completely misses you.
The vampire mosquito misses you.
The vampire mosquito attacks as you move away!
The vampire mosquito closely misses you.
The vampire mosquito barely misses you.
The vampire mosquito closely misses you.
The vampire mosquito barely misses you.
The vampire mosquito closely misses you.
As you read the scroll of summoning, it crumbles to dust.
Wisps of shadow whirl around you... The vampire mosquito bites you!
The vampire mosquito bites you.
The vampire mosquito bites you but does no damage. x2
You swap places.
The vampire mosquito closely misses your iguana.
The vampire mosquito bites your iguana!
The vampire mosquito barely misses your iguana.
Your iguana bites the vampire mosquito!
The vampire mosquito bites your iguana.
Your iguana bites the orc.
The orc dies!
Vehumet accepts your kill.
The vampire mosquito bites your iguana but does no damage.
The vampire mosquito barely misses your iguana.
Your iguana closely misses the vampire mosquito.
The vampire mosquito bites your iguana.
The vampire mosquito closely misses your iguana.
Your iguana closely misses the vampire mosquito.
The vampire mosquito misses your iguana.
The vampire mosquito barely misses your iguana.
The vampire mosquito closely misses your sky beast.
The vampire mosquito bites your iguana!
Your iguana dies!
Your iguana's corpse dissolves into shadows!
The vampire mosquito bites your iguana!
Your iguana barely misses the vampire mosquito.
Your sky beast hits the vampire mosquito.
Your sky beast shocks the vampire mosquito.
Really read the scroll of immolation?
As you read the scroll of immolation, it crumbles to dust.
The creatures around you are filled with an inner flame!
The vampire mosquito bites your sky beast but does no damage.
The vampire mosquito barely misses your sky beast.
The vampire mosquito bites your iguana but does no damage.
The vampire mosquito bites your sky beast!
Flame seeps out of your sky beast.
The vampire mosquito bites your sky beast.
Flame seeps out of your sky beast. The orc hits you but does no damage.
Your iguana completely misses the vampire mosquito.
The vampire mosquito bites your iguana but does no damage.
Your sky beast is engulfed in blazing flames.
Flame seeps out of your sky beast.
Your sky beast hits the vampire mosquito.
Flame seeps out of the vampire mosquito.
Your sky beast shocks the vampire mosquito.
Vehumet accepts your kill.
The vampire mosquito explodes!
The fiery explosion engulfs the orc!!
Vehumet accepts your kill.
The fiery explosion engulfs the vampire mosquito!!
Flame seeps out of the vampire mosquito.
The vampire mosquito is almost destroyed.
The fiery explosion engulfs your sky beast!!
Your sky beast's corpse dissolves into shadows!
The fiery explosion engulfs the orc!!
Vehumet accepts your kill.
The orc explodes!
The fiery explosion engulfs the vampire mosquito!!
Vehumet accepts your kill.
The fiery explosion engulfs the orc!!!
Vehumet accepts your kill. The fiery explosion engulfs you!!
The fire burns you terribly!
Ouch! That really hurt!
You die...

#.$..# .. #######
#....#### ...
#..##.######....).##...
#.........##.#.........
##............#.....$...
##........#...§#)yy......
#.........#...§○○l.......
.............#§§§........
.........#.....§@...##...
....)....##.............
.........................
..........#..............
..........#..............
..........#....?......###
..................##..#
..................#...#
.............#......


You could see 2 vampire mosquitoes and a friendly iguana (summoned, inner
flame).

Vanquished Creatures
  A vampire mosquito (D:7)
  A water moccasin (D:6)
  A sky beast (D:7)
  2 ice beasts
  A centaur (D:6)
  A necrophage (D:4)
  A gnoll sergeant (D:7)
  5 scorpions
  2 jellies
  A howler monkey (D:6)
  A hound (D:5)
  2 orc priests
  2 iguanas
  An orc wizard (D:4)
  10 gnolls
  12 adders
  2 white imps
  An ufetubus (D:6)
  A worm (D:3)
  A dart slug (D:2)
  21 orcs
  7 endoplasms
  4 giant cockroaches
  2 goblins (D:1)
  9 hobgoblins
  2 jackals (D:3)
  2 quokkas
  6 ball pythons
  5 bats
  5 frilled lizards
  11 kobolds
  6 rats
129 creatures vanquished.

Vanquished Creatures (collateral kills)
  A vampire mosquito (D:7)
  An orc (D:7)
2 creatures vanquished.

Vanquished Creatures (others)
  15 plants
15 creatures vanquished.

Grand Total: 146 creatures vanquished

Notes
Turn   | Place    | Note
-------+----------+-------------------------------------------
     0 | D:1      | EnegeticOcto the Mummy Conjurer began the quest for the
                  | Orb.
     0 | D:1      | Reached XP level 1. HP: 13/13 MP: 4/4
   158 | D:1      | Found a faded altar of an unknown god.
   332 | D:1      | Reached XP level 2. HP: 19/19 MP: 1/5
   419 | D:1      | Learned a level 2 spell: Searing Ray
  1364 | D:2      | Gained mutation: You are in touch with the powers of death.
                  | [Mummy growth]
  1364 | D:2      | Reached XP level 3. HP: 24/24 MP: 1/7
  2365 | D:3      | Reached skill level 2 in Dodging
  2365 | D:3      | Reached XP level 4. HP: 30/30 MP: 4/8
  2860 | D:3      | Reached XP level 5. HP: 36/36 MP: 0/9
  3781 | D:4      | Reached skill level 2 in Stealth
  3781 | D:4      | Reached skill level 3 in Spellcasting
  3968 | D:4      | Reached skill level 1 in Shields
  4086 | D:4      | Reached XP level 6. HP: 42/42 MP: 1/10
  4773 | D:4      | Noticed an ice beast
  4781 | D:4      | Reached skill level 1 in Long Blades
  4882 | D:4      | Reached skill level 1 in Maces & Flails
  4882 | D:4      | Reached skill level 1 in Ice Magic
  5118 | D:4      | Killed an ice beast
  5119 | D:4      | Reached XP level 7. HP: 47/47 MP: 2/12
  5225 | D:5      | Entered Level 5 of the Dungeon
  5271 | D:5      | Reached skill level 1 in Staves
  5271 | D:5      | Reached skill level 1 in Slings
  5271 | D:5      | Reached skill level 1 in Translocations
  5323 | D:5      | Learned a level 3 spell: Mephitic Cloud
  5331 | D:5      | Reached skill level 1 in Crossbows
  5343 | D:5      | Reached skill level 1 in Axes
  5382 | D:5      | Reached skill level 1 in Invocations
  6049 | D:6      | Noticed a steam dragon
  6064 | D:6      | Found a staircase to the Ecumenical Temple.
  6079 | D:6      | Reached skill level 1 in Necromancy
  6084 | Temple   | Entered the Ecumenical Temple
  6343 | Temple   | Became a worshipper of Vehumet
  6385 | D:6      | Reached skill level 1 in Transmutations
  6569 | D:6      | Reached skill level 1 in Polearms
  6721 | D:6      | Reached skill level 1 in Bows
  6721 | D:6      | Reached XP level 8. HP: 46/53 MP: 3/13
  6826 | D:6      | Reached skill level 1 in Fighting
  6930 | D:6      | Reached skill level 1 in Throwing
  6966 | D:6      | Reached skill level 1 in Summonings
  6999 | D:6      | Paralysed by a gnoll for 4 turns
  7007 | D:6      | Reached skill level 1 in Evocations
  7244 | D:6      | Reached skill level 1 in Fire Magic
  7691 | D:7      | Noticed Duvessa
  7945 | D:7      | Reached skill level 1 in Unarmed Combat
  7945 | D:7      | Reached skill level 1 in Hexes
  8016 | D:7      | Killed by an exploding orc... ignited by their inner flame

Illustrated notes

Levels and vault maps discovered:
D:1:      lightli_arrival_statuegarden, layout_loops_cross,
          ebering_ecumenical_altar_box
D:2:      layout_basic
D:3:      layout_basic, minmay_liquid_box, lexackson_kobold_supper
D:4:      layout_gridville
D:5:      layout_basic
D:6:      layout_rooms, minmay_temple_entry_statues_fountains,
          dk_noncrumbling_2, minmay_statues_item
D:7:      layout_cave_pools, jmf_multi_god_temple2,
          nicolae_ossuary_entry_catacombs, serial_bayou_ford_a,
          chequers_mini_garden, uniq_maggie, uniq_duvessa, uniq_prince_ribbit1
Temple:   mainiacjoe_temple_bowtie_tessellation

Skill      XL: |  1  2  3  4  5  6  7  8 |
---------------+-------------------------+-----
Dodging        | 2 |  2.8
Stealth        | 2 |  2.2
Spellcasting   | 3 |  3.8
Shields        | 1 |  1.5
Long Blades    | 1 |  1.4
Maces & Flails | 1 |  1.3
Ice Magic      | 1 |  1.4
Staves         | 1 |  1.1
Slings         | 1 |  1.1
Translocations | 1 |  1.2
Crossbows      | 1 |  1.4
Axes           | 1 |  1.2
Invocations    | 1 |  1.2
Necromancy     | 1 |  1.1
Transmutations | 1 |  1.2
Polearms       | 1 |  1.2
Bows           | 1 |  1.5
Fighting       | 1 |  1.1
Throwing       | 1 |  1.2
Summonings     | 1 |  1.3
Evocations     | 1 |  1.2
Fire Magic     | 1 |  1.0
Unarmed Combat | 1 |  1.0
Hexes          | 1 |  1.0
Short Blades   | |  0.8
Armour         | |  0.9
Conjurations   | |  3.9
Air Magic      | |  0.8
Earth Magic    | |  0.7
Poison Magic   | |  0.8

Action                   |  1- 3 |  4- 6 |  7- 9 || total
-------------------------+-------+-------+-------++-------
Melee: Long sword        |     2 |       |       ||     2
       Dagger            |       |    28 |    13 ||    41
       Punch             |       |       |     2 ||     2
 Cast: Magic Dart        |    54 |    61 |    42 ||   157
       Searing Ray       |    11 |    20 |    31 ||    62
       Mephitic Cloud    |       |       |     1 ||     1
  Use: Scroll            |     1 |     2 |     9 ||    12
Armor: Robe              |       |     1 |    12 ||    13
Dodge: Dodged            |     9 |    34 |    86 ||   129

Table legend: (Time is in decaauts)
 A = Elapsed time spent in this place.
 B = Non-inter-level travel time spent in this place.
 C = Inter-level travel time spent in this place.
 D = Time resting spent in this place.
 E = Time spent auto-exploring this place.
 F = Levels seen in this place.
 G = Mean time per level.
                   A        B        C        D        E       F      G
               +--------+--------+--------+--------+--------+-----+--------+
         Total |   8006 |   7630 |    376 |   1671 |   4808 |   8 | 1000.8 |
       Dungeon |   7736 |   7369 |    367 |   1515 |   4719 |   7 | 1105.1 |
        Temple |    269 |    260 |      9 |    156 |     89 |   1 |  269.0 |
               +--------+--------+--------+--------+--------+-----+--------+

Top non-repeatable levels by time:
     D:3: 1854 daAuts
     D:6: 1612 daAuts
     D:4: 1343 daAuts
     D:1: 1217 daAuts
     D:2: 802 daAuts
     D:5: 734 daAuts
  Temple: 269 daAuts
     D:7: 171 daAuts
